 Dungeon Crawl Stone Soup version 0.30-a0-567-gf7fd966b4a (webtiles) character file.

Game seed: 18112787227749811563

114 Barriton the Firebug (level 4, -10/33 HPs)
             Began as a Draconian Fire Elementalist on Dec 28, 2022.
             Killed from afar by Ijyb (17 damage)
             ... with a bolt of light
             ... on level 3 of the Dungeon.
             The game lasted 00:06:32 (2574 turns).

Barriton the Firebug (Draconian Fire Elementalist)  Turns: 2574, Time: 00:06:33

Health: -10/33     AC:  8    Str: 11    XL:     4   Next: 66%
Magic:  8/8        EV: 12    Int: 17    God:
Gold:   23         SH:  0    Dex: 11    Spells: 5/8 levels left

rFire   . . .      SeeInvis .      - Unarmed
rCold   . . .      Faith    .    (no shield)
rNeg    . . .      Spirit   .    (body armour unavailable)
rPois   .          Reflect  .    (helmet restricted)
rElec   .          Harm     .    (no cloak)
rCorr   .          Rampage  .    b - +2 pair of gloves
Will    +....                    (no boots)
Stlth   ++                       (no amulet)
HPRegen 0.25/turn                c - ring of willpower
MPRegen 0.11/turn                (no ring)

@: no status effects
A: AC +5, unfitting armour, cold-blooded
a: no special abilities


You were on level 3 of the Dungeon.
You visited 1 branch of the dungeon, and saw 3 of its levels.

You collected 23 gold pieces.

Inventory:

Armour
 b - a +2 pair of gloves (worn)
Jewellery
 c - a ring of willpower (left hand)
 j - a ring of magical power
Scrolls
 e - 2 scrolls of identify
 h - 2 scrolls of teleportation
Potions
 d - a potion of haste
 f - 2 potions of heal wounds
 i - a potion of flight


   Skills:
 + Level 0.1 Fighting
 + Level 2.0 Dodging
 + Level 2.3 Stealth
 + Level 1.1 Unarmed Combat
 + Level 2.9 Spellcasting
 + Level 1.2 Conjurations
 + Level 4.1 Fire Magic


You had 5 spell levels left.
You knew the following spells:

 Your Spells              Type           Power      Damage    Failure   Level
a - Foxfire               Conj/Fire      44%        2x1d6     6%          1
b - Scorch                Fire           32%        2d6       4%          2

Your spell library contained the following spells:

 Spells                   Type           Power      Damage    Failure   Level
 Inner Flame              Hex/Fire       9%         N/A       22%         3
 Kindle Blastsparks       Fire/Tloc/Air  14%        2d11      30%         3
 Flame Wave               Conj/Fire      11%        2d6       50%         4


Dungeon Overview and Level Annotations

Branches:
Dungeon (3/15)

Altars:

Annotations:
D:3 Ijyb


Innate Abilities, Weirdness & Mutations

Your plain brown scales are hard. (AC +5)
You cannot fit into any form of body armour.
You are cold-blooded and may be slowed by cold attacks.


Message History

It was a scroll of poison.
As you read the scroll of identify, it crumbles to dust.
d - a potion of haste
As you read the scroll of identify, it crumbles to dust.
i - a potion of flight Done exploring.
There are no items here.
There are no items here.
There are no items here.
Okay, then.
There is a stone staircase leading down here.
Okay, then.
You climb downwards.
There is a stone staircase leading up here.
A hobgoblin and Ijyb come into view.
Ijyb is wielding a +0 club and carrying a wand of light (11).
Ijyb shouts!
Found a club.
Found a club.
Casting: Scorch (safe; 4% risk of failure)
Confirm with . or Enter, or press ? or * to list all spells.
You can't see any susceptible monsters within range! (Use Z to cast anyway.) Ijyb zaps a wand.
The bolt of light hits you!
You are confused.
You bump into the rock wall.
You're too confused to cast spells.
You're too confused to cast spells.
You're too confused to aim your attacks!
You feel less confused.
Ijyb zaps a wand.
The bolt of light hits you!
* * * LOW HITPOINT WARNING * * *
You hear a shout!
An orc wizard comes into view. It is wielding a +0 dagger.
Ijyb zaps a wand.
The bolt of light misses you.
Casting: Scorch (safe; 4% risk of failure)
Confirm with . or Enter, or press ? or * to list all spells.
You don't know that spell.
Ijyb zaps a wand.
The bolt of light hits you!
Ouch! That really hurt!
You die...

####.########....#
....)............#
.....o..........#
.##.........<..#
#.....g......#
#)...........#
#............#
#............#
#....@.......#
#........#####
########.# .# #


You could see Ijyb and an orc wizard.

Vanquished Creatures
  4 gnolls (D:2)
  3 adders (D:2)
  A worm (D:2)
  2 dart slugs
  5 bats
  7 endoplasms
  2 giant cockroaches
  5 goblins
  2 hobgoblins
  6 ball pythons
  2 kobolds
  2 rats (D:1)
41 creatures vanquished.

Vanquished Creatures (others)
  37 foxfires
37 creatures vanquished.

Grand Total: 78 creatures vanquished

Notes
Turn   | Place    | Note
-------+----------+-------------------------------------------
     0 | D:1      | Barriton the Draconian Fire Elementalist began the quest
                  | for the Orb.
     0 | D:1      | Reached XP level 1. HP: 14/14 MP: 3/3
   410 | D:1      | Reached XP level 2. HP: 20/20 MP: 1/5
   514 | D:1      | Learned a level 2 spell: Scorch
  1421 | D:2      | Reached XP level 3. HP: 26/26 MP: 4/6
  1827 | D:2      | Reached XP level 4. HP: 28/33 MP: 0/7
  1859 | D:2      | HP: 1/33 [gnoll/+0 club (3)]
  1868 | D:2      | Reached skill level 1 in Unarmed Combat
  1894 | D:2      | Reached skill level 4 in Fire Magic
  2557 | D:3      | Noticed Ijyb
  2574 | D:3      | Killed from afar by Ijyb

Illustrated notes

Levels and vault maps discovered:
D:1:      grunt_arrival_lava_bath, layout_loops_corners
D:2:      layout_loops_ring, eino_tiny_chamber, minmay_misc_feat_room,
          st_stairs_6
D:3:      layout_basic, shapermc_ecumenical_altar_mp_urbaneastern,
          minmay_starry_boxes, uniq_crazy_yiuf_cottage, uniq_ijyb

Skill      XL: |  1  2  3  4 |
---------------+-------------+-----
Stealth        | 2 |  2.3
Dodging        | 2 |  2.0
Unarmed Combat | 1 |  1.1
Fire Magic     | 4 |  4.1
Fighting       | |  0.1
Spellcasting   | |  2.9
Conjurations   | |  1.2

Action                   |  1- 3 |  4- 6 || total
-------------------------+-------+-------++-------
Melee: Unarmed           |    58 |    19 ||    77
       Tailslap          |     7 |     5 ||    12
 Cast: Foxfire           |    27 |     2 ||    29
       Scorch            |    23 |     9 ||    32
  Use: Scroll            |     8 |     4 ||    12
       Potion            |       |     2 ||     2
Armor: Skin              |    18 |     7 ||    25
Dodge: Dodged            |    47 |    21 ||    68

Table legend: (Time is in decaauts)
 A = Elapsed time spent in this place.
 B = Non-inter-level travel time spent in this place.
 C = Inter-level travel time spent in this place.
 D = Time resting spent in this place.
 E = Time spent auto-exploring this place.
 F = Levels seen in this place.
 G = Mean time per level.
                   A        B        C        D        E       F      G
               +--------+--------+--------+--------+--------+-----+--------+
         Total |   2577 |   2513 |     64 |      0 |   2068 |   3 |  859.0 |
       Dungeon |   2577 |   2513 |     64 |      0 |   2068 |   3 |  859.0 |
               +--------+--------+--------+--------+--------+-----+--------+

Top non-repeatable levels by time:
     D:1: 1347 daAuts
     D:2: 1209 daAuts
     D:3: 20 daAuts
